 Dungeon Crawl Stone Soup version 0.25-a0-565-g8875c97ebb (webtiles) character file.

Game seed: 12747567441896149412, levelgen mode: deterministic

233 Emblim88 the Insei (level 6, 0/41 HPs)
             Began as an Octopode Transmuter on Feb 26, 2020.
             Slain by a worm (12 damage)
             ... on level 3 of the Dungeon.
             The game lasted 00:07:25 (2413 turns).

Emblim88 the Insei (Octopode Transmuter)            Turns: 2413, Time: 00:07:29

Health: 0/41       AC:  1    Str: 12    XL:     6   Next: 4%
Magic:  7/10       EV: 14    Int: 15    God:
Gold:   127        SH:  0    Dex: 12    Spells: 2/11 levels left

rFire    + . .     SeeInvis .     - Unarmed
rCold    . . .     Gourm    .   (no shield)
rNeg     . . .     Faith    .   (helmet restricted)
rPois    .         Spirit   .   (no amulet)
rElec    .         Reflect  .   f - ring of protection from fire
rCorr    .         Harm     .   (no ring)
MR       .....                  (no ring)
Stlth    ++........             (no ring)
HPRegen  0.13/turn              (no ring)
MPRegen  0.12/turn              (no ring)
                                (no ring)
                                (no ring)

@: no status effects
A: almost no armour, stealthy swim, amphibious, 8 rings, constrict 8, camouflage
1, gelatinous body 1
a: no special abilities


You were on level 3 of the Dungeon.
You were not hungry.

You visited 1 branch of the dungeon, and saw 3 of its levels.

You collected 127 gold pieces.

Inventory:

Hand Weapons
 j - a +0 dagger
Missiles
 a - 12 arrows
 k - a poisoned dart
 n - 135 stones (quivered)
Jewellery
 f - a ring of protection from fire (left tentacle)
Wands
 i - a wand of random effects (12)
Scrolls
 e - a scroll of fog
 p - a scroll of noise {unknown}
 s - a scroll of teleportation
Potions
 b - 2 potions of flight
 d - a potion of mutation {unknown}
 g - 2 potions of stabbing
 h - 4 potions of heal wounds
 l - a potion of brilliance
 m - a potion of resistance {unknown}
 o - a potion of magic {unknown}
Comestibles
 c - 4 rations
 q - a chunk of flesh


   Skills:
 + Level 2.6 Fighting
 + Level 3.2 Dodging
 + Level 3.8 Unarmed Combat
 + Level 3.0 Spellcasting
 + Level 3.2 Transmutations
 + Level 0.3 Evocations


You had 2 spell levels left.
You knew the following spells:

 Your Spells              Type           Power        Failure   Level  Hunger
a - Beastly Appendage     Tmut           ##....       5%          1    #......
b - Spider Form           Tmut/Pois      #.........   30%         3    ###....
c - Blade Hands           Tmut           ##........   82%         5    ######.

Your spell library contained the following spells:

 Spells                   Type           Power        Failure   Level  Hunger
 Sticks to Snakes         Tmut           ##......     8%          2    ##.....
 Ice Form                 Ice/Tmut       #.......     71%         4    #####..


Dungeon Overview and Level Annotations

Branches:
Dungeon (3/15)

Altars:


Innate Abilities, Weirdness & Mutations

You cannot wear most types of armour.
You are very stealthy in the water. (Stealth+)
You are amphibious.
You can wear up to eight rings at the same time.
You can use your tentacles to constrict eight enemies at once.
Your skin changes colour to match your surroundings (Stealth+).
Your rubbery body absorbs attacks. (AC +1, EV +1)


Message History

You hit the orc.
The orc is poisoned.
The orc is almost dead.
You kill the orc!
You feel sick.
Items here: )) [ †† a cursed -1 hand axe; a +0 club; a +0 leather armour; an orc corpse an adder corpse
Things that are here:
a +0 dagger; 15 poisoned darts You hit the worm but do no damage.
You bite the worm!
The worm is heavily wounded.
The worm barely misses you.
You bite the worm!
The worm is poisoned.
The worm is almost dead.
Your transformation has ended.
You feel sick.
You are no longer poisoned.
The worm bites you!
You die...

###........####.......#
#.................###
#..........#####.##
#.........## #..#
#.......#... #.##
###.......#.#.# #[#
.))####.###.#.###.#
##÷# #.###.#..##)#
........).#.##..@.#
###..........#.w###
............## ##.
............#####..w.
.........#..........#
...............o....#
.........#.......r...
....##..?........ ....
##........(.


You could see a worm.

Vanquished Creatures
  Natasha (thrice) (D:2)
  2 gnolls (D:1)
  6 adders
  An ooze (D:1)
  A worm (D:2)
  2 dart slugs (D:1)
  3 leopard geckos (D:2)
  2 orcs (D:3)
  A ball python (D:2)
  3 giant cockroaches
  9 goblins
  12 hobgoblins
  4 jackals (D:1)
  3 quokkas (D:3)
  3 bats
  4 frilled lizards
  4 kobolds
  6 rats
69 creatures vanquished.

Notes
Turn   | Place    | Note
-------+----------+-------------------------------------------
     0 | D:1      | Emblim88 the Octopode Transmuter began the quest for the
                  | Orb.
     0 | D:1      | Reached XP level 1. HP: 13/13 MP: 3/3
    31 | D:1      | Reached XP level 2. HP: 12/18 MP: 5/5
   181 | D:1      | Reached XP level 3. HP: 23/23 MP: 6/6
   298 | D:1      | Learned a level 3 spell: Spider Form
   666 | D:1      | Reached XP level 4. HP: 28/29 MP: 7/7
   784 | D:2      | Noticed Natasha
   793 | D:2      | Killed Natasha
   930 | D:2      | Noticed Natasha
   949 | D:2      | Killed Natasha
   949 | D:2      | Reached XP level 5. HP: 17/34 MP: 6/9
   957 | D:2      | Noticed Natasha
   970 | D:2      | Killed Natasha
  2301 | D:3      | Learned a level 5 spell: Blade Hands
  2402 | D:3      | Reached XP level 6. HP: 14/41 MP: 6/10
  2413 | D:3      | Slain by a worm

Levels and vault maps discovered:
D:1:      lemuel_arrival_lava_pool, layout_loops_ring
D:2:      lemuel_upstairs_altar, layout_loops_cross, minmay_pentomino_s2,
          uniq_natasha
D:3:      layout_rooms, led_sif_book, uniq_ijyb

Skill      XL: |  1  2  3  4  5 |
---------------+----------------+-----
Fighting       | 2 |  2.6
Transmutations | 3 |  3.2
Dodging        | 3 |  3.2
Spellcasting   | 3 |  3.0
Unarmed Combat | |  3.8
Evocations     | |  0.3

Action                   |  1- 3 |  4- 6 || total
-------------------------+-------+-------++-------
Melee: Unarmed           |    60 |   130 ||   190
       Constrict         |    13 |    24 ||    37
       Kick              |     9 |       ||     9
       Tentacles         |     7 |    11 ||    18
       Punch             |     1 |     1 ||     2
       Dagger            |       |     4 ||     4
Throw: Stone             |       |     6 ||     6
 Cast: Beastly Appendage |     5 |     1 ||     6
       Spider Form       |       |     6 ||     6
  Use: Scroll            |     1 |     7 ||     8
       Potion            |       |     1 ||     1
 Stab: Sleeping          |     7 |     4 ||    11
  Eat: Chunk             |       |     6 ||     6
Armor: Skin              |     3 |       ||     3
Dodge: Dodged            |    31 |   102 ||   133

Table legend:
 A = Non-vault XP
 B = Vault XP
 C = Vault XP percentage of total XP
 D = Non-vault monster count
 E = Vault monster count
 F = Vault count percentage of total count
                 A         B        C        D         E       F
            +---------+---------+-------+---------+---------+-------
      Total |     293 |      40 |  12.0 |      66 |       3 |   4.3
            +---------+---------+-------+---------+---------+-------
        D:1 |      83 |       0 |   0.0 |      28 |       0 |   0.0
        D:2 |     139 |      40 |  22.3 |      19 |       3 |  13.6
        D:3 |      71 |       0 |   0.0 |      19 |       0 |   0.0
            +---------+---------+-------+---------+---------+-------
